 Dungeon Crawl Stone Soup version 0.26-a0-1181-gd376ed14c5 (webtiles) character file.

Game seed: 13415174750569786549

79 uibert the Conjurer (level 4, -1/30 HPs)
             Began as a Demonspawn Conjurer on Dec 27, 2020.
             Slain by a gnoll
             ... wielding a +0 club
              (6 damage)
             ... on level 2 of the Dungeon.
             The game lasted 00:07:04 (2044 turns).

uibert the Conjurer (Demonspawn Conjurer)           Turns: 2044, Time: 00:07:04

Health: -1/30      AC:  3    Str:  8    XL:     4   Next: 16%
Magic:  2/7        EV: 11    Int: 19    God:
Gold:   120        SH:  0    Dex: 12    Spells: 4/7 levels left

rFire    + . .     SeeInvis .   c - +0 short sword
rCold    . . .     Faith    .   (no shield)
rNeg     . . .     Spirit   .   b - +0 leather armour
rPois    .         Reflect  .   (no helmet)
rElec    .         Harm     .   (no cloak)
rCorr    .         Rampage  .   (no gloves)
Will     .....                  (no boots)
Stlth    ++........             (no amulet)
HPRegen  0.10/turn              (no ring)
MPRegen  0.10/turn              (no ring)

@: no status effects
A: fire resistance 1, spiny 2
a: no special abilities


You were on level 2 of the Dungeon.
You visited 1 branch of the dungeon, and saw 2 of its levels.

You collected 120 gold pieces.

Inventory:

Hand Weapons
 c - a +0 short sword (weapon)
Armour
 a - a +0 robe
 b - a +0 leather armour (worn)
Scrolls
 d - a scroll of enchant armour
 f - a scroll of amnesia
Potions
 e - a potion of berserk rage {unknown}
 g - a potion of attraction {unknown}
 h - a potion of magic {unknown}


   Skills:
 - Level 1.7 Dodging
 - Level 1.7 Stealth
 - Level 2.0 Spellcasting
 + Level 5.7 Conjurations


You had 4 spell levels left.
You knew the following spells:

 Your Spells              Type           Power        Failure   Level
a - Magic Dart            Conj           92%          2%          1
b - Searing Ray           Conj           46%          3%          2

Your spell library contained the following spells:

 Spells                   Type           Power        Failure   Level
 Dazzling Flash           Conj/Hex       24%          22%         3
 Fulminant Prism          Conj/Hex       6%           58%         4
 Iskenderun's Mystic Bla  Conj/Tloc      12%          58%         4


Dungeon Overview and Level Annotations

Branches:
Dungeon (2/15)

Altars:


Innate Abilities, Weirdness & Mutations

Your flesh is heat resistant. (rF+)
You are mostly covered in sharp spines.


Message History

A hobgoblin comes into view. It is wielding a +0 club.
You see here a helmet.
A kobold comes into view.
The kobold shouts!
The kobold throws a stone.
The stone barely misses you.
You see here a stone.
The kobold throws a stone.
The stone closely misses you.
You see here a stone.
Casting: Searing Ray (safe; 3% risk of failure)
Confirm with . or Enter, or press ? or * to list all spells.
Aiming: Searing Ray (safe; 3% risk of failure)
Press: ? - help, Shift-Dir - straight line, f - goblin
Aim: a goblin, wielding a +0 hunting sling and quivering 12 sling bullets (28% to evade)
The searing ray hits the gnoll.
The gnoll is severely wounded.
The searing ray hits the goblin!
You kill the goblin! (Press . to maintain the ray.)
The gnoll hits you with a +0 club.
You die...

#.#
#K#
#.#
#.#
#)#
#.#
#.#
#g#
#@#
#.#
...
#####


You could see a gnoll and a kobold.

Vanquished Creatures
  3 gnolls
  A dart slug (D:2)
  A leopard gecko (D:1)
  A ball python (D:1)
  5 giant cockroaches (D:1)
  9 goblins
  5 hobgoblins
  4 jackals
  A quokka (D:2)
  5 bats
  4 frilled lizards
  2 kobolds (D:1)
  3 rats
44 creatures vanquished.

Notes
Turn   | Place    | Note
-------+----------+-------------------------------------------
     0 | D:1      | uibert the Demonspawn Conjurer began the quest for the Orb.
     0 | D:1      | Reached XP level 1. HP: 13/13 MP: 3/3
   626 | D:1      | Gained mutation: You are partially covered in sharp spines.
                  | [demonic ancestry]
   626 | D:1      | Reached XP level 2. HP: 19/19 MP: 3/5
   917 | D:1      | Learned a level 2 spell: Searing Ray
  1362 | D:1      | Reached skill level 5 in Conjurations
  1362 | D:1      | Gained mutation: Your flesh is heat resistant. (rF+)
                  | [demonic ancestry]
  1362 | D:1      | Reached XP level 3. HP: 16/24 MP: 3/6
  1998 | D:2      | Gained mutation: You are mostly covered in sharp spines.
                  | [demonic ancestry]
  1998 | D:2      | Reached XP level 4. HP: 30/30 MP: 3/7
  2044 | D:2      | Slain by a gnoll

Illustrated notes

Levels and vault maps discovered:
D:1:      shiori_arrival_maze, layout_basic, minmay_tromino_v7
D:2:      layout_basic, nicolae_overflow_hidden_temple

Skill      XL: |  1  2 |
---------------+-------+-----
Conjurations   | 5 |  5.7
Dodging        | |  1.7
Stealth        | |  1.7
Spellcasting   | |  2.0

Action                   |  1- 3 |  4- 6 || total
-------------------------+-------+-------++-------
Melee: Unarmed           |    40 |       ||    40
       Short sword       |    31 |     4 ||    35
 Cast: Magic Dart        |    42 |       ||    42
       Searing Ray       |     5 |     3 ||     8
  Use: Scroll            |     3 |       ||     3
Armor: Robe              |    33 |       ||    33
       Leather armour    |     1 |     1 ||     2
Dodge: Dodged            |    84 |     8 ||    92

Table legend: (Time is in decaauts)
 A = Elapsed time spent in this place.
 B = Non-inter-level travel time spent in this place.
 C = Inter-level travel time spent in this place.
 D = Time resting spent in this place.
 E = Time spent auto-exploring this place.
 F = Levels seen in this place.
 G = Mean time per level.
                   A        B        C        D        E       F      G
               +--------+--------+--------+--------+--------+-----+--------+
         Total |   2048 |   1919 |    129 |    608 |    897 |   2 | 1024.0 |
       Dungeon |   2048 |   1919 |    129 |    608 |    897 |   2 | 1024.0 |
               +--------+--------+--------+--------+--------+-----+--------+

Top non-repeatable levels by time:
     D:1: 1784 daAuts
     D:2: 264 daAuts
